 Dungeon Crawl Stone Soup version 0.27.1-34-g3ba077fa99 (webtiles) character file.

Game seed: 6839076030175977400

1054 JJisdabomb the Distorting Demonspawn (level 8, -3/62 HPs)
             Began as a Demonspawn Abyssal Knight on Jan 8, 2022.
             Was a Believer of Lugonu.
             Killed by divine providence
             ... invoked by an orc priest
              (14 damage)
             ... on level 7 of the Dungeon on Jan 9, 2022.
             The game lasted 00:19:34 (8213 turns).

JJisdabomb the Distorting Demonspawn (DsAK)         Turns: 8213, Time: 00:19:36

Health: -3/62      AC: 25    Str: 14    XL:     8   Next: 5%
Magic:  11/12      EV:  5    Int: 14    God:    Lugonu [**....]
Gold:   211        SH:  9    Dex: 13    Spells: 7/7 levels left

rFire    + . .     SeeInvis +   a - +1 flail (vorpal)
rCold    + . .     Faith    .   (no shield)
rNeg     . . .     Spirit   .   b - +1 plate armour
rPois    .         Reflect  +   d - +0 helmet
rElec    .         Harm     .   q - scarf {rC+ rF+}
rCorr    .         Rampage  .   m - +1 pair of gloves
Will     .....                  (no boots)
Stlth    ..........             h - amulet of reflection
HPRegen  0.20/turn              g - ring of see invisible
MPRegen  0.13/turn              s - +4 ring of protection

@: no status effects
A: rugged brown scales 1, foul stench 1, icemail 1, condensation shield
a: Renounce Religion, Depart the Abyss, Bend Space


You were on level 7 of the Dungeon.
You worshipped Lugonu.
Lugonu was pleased with you.
You visited 1 branch of the dungeon, and saw 7 of its levels.
You visited the Abyss 1 time.

You collected 211 gold pieces.

Inventory:

Hand Weapons
 a - a +1 vorpal flail (weapon)
Armour
 b - a +1 plate armour (worn)
 d - a +0 helmet (worn)
 m - a +1 pair of gloves (worn)
 q - a scarf of resistance (worn)
Jewellery
 g - a ring of see invisible (left hand)
 h - an amulet of reflection (around neck)
 s - a +4 ring of protection (right hand)
Wands
 u - a wand of polymorph (5)
Scrolls
 j - a scroll of blinking {unknown}
 l - 3 scrolls of amnesia
 r - 3 scrolls of identify
 t - a scroll of teleportation
 v - a scroll of holy word {unknown}
Potions
 c - a potion of mutation {unknown}
 e - 3 potions of curing
 f - a potion of resistance
 i - a potion of attraction
 k - a potion of brilliance
 n - a potion of haste
 o - a potion of lignification {unknown}
 p - a potion of heal wounds {unknown}


   Skills:
 + Level 4.9 Fighting
 + Level 2.7(3.7) Axes
 + Level 3.8(4.3) Maces & Flails
 + Level 4.1 Armour
 + Level 3.5 Dodging
 + Level 5.4 Invocations


You had 7 spell levels left.
You didn't know any spells.
Your spell library contained the following spells:

 Spells                   Type           Power      Damage    Failure   Level
 Beastly Appendage        Tmut           0%         N/A       100%        1
 Sandblast                Erth           0%         2d4       100%        1
 Inner Flame              Hex/Fire       0%         N/A       100%        3
 Cause Fear               Hex            0%         N/A       100%        4
 Bolt of Magma            Conj/Fire/Erth 0%         4d4       100%        5
 Discord                  Hex            0%         N/A       100%        8
 Shatter                  Erth           0%         3d5*      100%        9


Dungeon Overview and Level Annotations

Branches:
Dungeon (7/15)             Temple (0/1) D:6

Altars:
Dithmenos
Fedhas
Gozag
Ru
Vehumet
Yredelemnul
The Shining One

Annotations:
D:6 3 runed translucent doors, Dowan; Duvessa; ticklebelly's ghost, novice MiBe


Innate Abilities, Weirdness & Mutations

You are partially covered in rugged brown scales. (AC +1, +3% HP)
You may rarely emit foul miasma when damaged in melee.
A meltable icy envelope protects you from harm. (AC +4)
A meltable shield of frost defends you. (SH +4)


Message History

You thump the howler monkey!
The howler monkey is almost dead.
An orc priest comes into view. It is wielding a +0 hand axe.
The howler monkey hits you but does no damage.
A hound comes into view.
The howler monkey barely misses you.
Your plate armour prevents you from hitting the howler monkey.
The howler monkey is almost dead.
An orc wizard comes into view. It is wielding a +0 dagger.
You block the howler monkey's attack.
You closely miss the howler monkey.
The howler monkey is almost dead.
The howler monkey hits you but does no damage.
The bullfrog hits you but does no damage.
The howler monkey hoots and howls with incredible vigour!
An orc comes into view. It is wielding a +3 trident.
You hear a howl!
You hear a shout!
You hit the howler monkey.
You kill the howler monkey!
Lugonu accepts your kill. The bullfrog barely misses you.
A howler monkey comes into view.
You block the bullfrog's attack.
Okay, then.
You hit the howler monkey.
The howler monkey is moderately wounded.
The bullfrog barely misses you.
The howler monkey hits you but does no damage.
The hound bites you but does no damage.
The orc priest looks encouraged for a moment.
The bullfrog hits you but does no damage.
The howler monkey hits you but does no damage.
The hound bites you but does no damage.
Your plate armour prevents you from hitting the howler monkey.
The howler monkey is moderately wounded.
The bullfrog hits you but does no damage.
The hound bites you but does no damage.
The orc priest invokes the aid of Beogh against you.
Beogh smites you!
You die...

. # .. #. ...
#.# ...# #..###
...#
#....###...#
#hh@Fo.#
#....###ho.o...
#.... #o.....
#.... .o....
#.h... .....
#.h... .....
#..... ....
#..... ....


You could see a bullfrog, 2 howler monkeys, a hound, 2 orc priests, an orc
wizard and 2 orcs.

Vanquished Creatures
  Edmund (D:6)
  A black bear (D:5)
  A centaur (D:6)
  2 ogres (D:4)
  A phantom (D:6)
  2 scorpions (D:5)
  A howler monkey (D:7)
  A bullfrog zombie (D:5)
  A centaur zombie (D:5)
  A hound (D:5)
  Jessica (D:3)
  A centaur skeleton (D:4)
  An iguana (D:5)
  A hound skeleton (D:4)
  A gnoll (D:1)
  5 adders
  2 white imps
  2 ufetubi (D:5)
  4 worms
  4 dart slugs
  6 orcs
  6 ball pythons
  7 endoplasms
  4 giant cockroaches
  5 goblins
  7 hobgoblins
  4 kobolds
  6 quokkas
  5 bats
  5 rats
89 creatures vanquished.

Notes
Turn   | Place    | Note
-------+----------+-------------------------------------------
     0 | Abyss:1  | JJisdabomb the Demonspawn Abyssal Knight began the quest
                  | for the Orb.
     0 | Abyss:1  | Reached XP level 1. HP: 18/18 MP: 2/2
    32 | Abyss:1  | Found a corrupted altar of Lugonu.
    49 | Abyss:1  | Noticed a golden eye
    50 | D:1      | Escaped the Abyss
   381 | D:1      | Reached skill level 1 in Dodging
   417 | D:1      | Reached * piety under Lugonu
   566 | D:1      | Gained mutation: A meltable shield of frost defends you.
                  | (SH +4) [demonic ancestry]
   566 | D:1      | Reached XP level 2. HP: 10/24 MP: 4/4
  1217 | D:1      | Gained mutation: You may rarely emit foul miasma when
                  | damaged in melee. [demonic ancestry]
  1217 | D:1      | Reached XP level 3. HP: 27/29 MP: 5/5
  1748 | D:2      | Reached skill level 3 in Invocations
  2002 | D:2      | You fall into a shaft and drop 1 floor!
  2083 | D:3      | Reached XP level 4. HP: 14/35 MP: 6/6
  2300 | D:3      | Got the Almanac of Mutagenic Stones
  2305 | D:3      | Noticed Jessica
  2320 | D:3      | Killed Jessica
  3550 | D:3      | Reached XP level 5. HP: 25/41 MP: 7/7
  3557 | D:3      | Found a basalt altar of Yredelemnul.
  3979 | D:3      | Reached ** piety under Lugonu
  4304 | D:4      | Noticed an ogre
  4315 | D:4      | Killed an ogre
  4466 | D:4      | Reached skill level 1 in Axes
  4497 | D:4      | Reached XP level 6. HP: 46/48 MP: 8/8
  4553 | D:4      | Reached skill level 4 in Invocations
  4666 | D:4      | Found a radiant altar of Vehumet.
  4666 | D:4      | Found an opulent altar of Gozag.
  4666 | D:4      | Found a shadowy altar of Dithmenos.
  4864 | D:4      | Found a blossoming altar of Fedhas.
  4877 | D:4      | Found a sacrificial altar of Ru.
  4893 | D:5      | Entered Level 5 of the Dungeon
  5679 | D:5      | Gained mutation: A meltable icy envelope protects you from
                  | harm. (AC +4) [demonic ancestry]
  5679 | D:5      | Reached XP level 7. HP: 54/54 MP: 10/10
  6112 | D:6      | Found a staircase to the Ecumenical Temple.
  6112 | D:6      | Noticed Edmund
  6155 | D:6      | Killed Edmund
  6357 | D:6      | Noticed a boulder beetle
  6393 | D:6      | Found a runed translucent gate.
  6393 | D:6      | Found a runed translucent gate.
  6393 | D:6      | Found a runed translucent gate.
  6393 | D:6      | Noticed ticklebelly's ghost (novice MiBe)
  6396 | D:6      | Noticed Grinder
  6433 | D:6      | Noticed Duvessa
  6434 | D:6      | Noticed Dowan
  6731 | D:6      | Found a sand-covered staircase.
  7927 | D:5      | Reached skill level 5 in Invocations
  8137 | D:5      | Noticed a water nymph
  8137 | D:5      | a boulder beetle changed into a water nymph
  8172 | D:6      | Gained mutation: You are partially covered in rugged brown
                  | scales. (AC +1, +3% HP) [demonic ancestry]
  8172 | D:6      | Reached XP level 8. HP: 22/62 MP: 11/11
  8213 | D:7      | Killed from afar by an orc priest

Illustrated notes

Levels and vault maps discovered:
D:1:      dpeg_arrival_pits, layout_loops_ring, minmay_ruptured
D:2:      layout_basic
D:3:      layout_loops_ring, lemuel_tele_altar,
          mainiacjoe_overflow_cross_hatched, minmay_fractal_squares_gapless_5,
          uniq_jessica
D:4:      layout_loops_ring, gammafunk_temple_overflow_claw,
          mainiacjoe_overflow_swirl, minmay_misc_feat_encased
D:5:      layout_basic, grunt_decor_one_mirror
D:6:      layout_cave_pools, nicolae_uskayaw_murder_on_the_dancefloor,
          zin_scriptorium, minmay_temple_entry_crystal_x,
          nicolae_ossuary_entry_monument, gammafunk_ghost_split, serial_shops,
          shop, kennysheep_generic_room_7, uniq_edmund, uniq_duvessa,
          uniq_grinder
D:7:      layout_cave_pods, uniq_menkaure

Skill      XL: |  1  2  3  4  5  6  7 |
---------------+----------------------+-----
Dodging        | 1 2 3 |  3.5
Armour         | 2 3 4 |  4.1
Maces & Flails | 2 3 |  3.8
Invocations    | 3 4 5 |  5.4
Axes           | 1 2 |  2.7
Fighting       | 4 |  4.9

Action                   |  1- 3 |  4- 6 |  7- 9 || total
-------------------------+-------+-------+-------++-------
Melee: Mace              |   101 |   224 |    40 ||   365
       Flail             |       |       |    63 ||    63
Invok: Depart the Abyss  |     1 |       |       ||     1
       Bend Space        |       |       |     5 ||     5
Evoke: Wand              |       |       |     4 ||     4
  Use: Scroll            |       |     9 |       ||     9
       Potion            |       |       |     2 ||     2
Armor: Leather armour    |    18 |    11 |       ||    29
       Plate armour      |       |   104 |   124 ||   228
Dodge: Dodged            |    53 |    56 |    29 ||   138
Block: Other             |    27 |   125 |    55 ||   207
       Reflection        |       |     2 |     6 ||     8
